[Event "Team 45 45 League T32"]
[Site "Internet Chess Club"]
[Date "2007.02.15"]
[Round "5"]
[White "MikeMike"]
[Black "martineden"]
[Result "0-1"]
[WhiteElo "1984"]
[BlackElo "1971"]
[ECO "C47"]
[TimeControl "2700+45"]

1. e4 e5 2. Nf3 Nc6 3. Nc3 Nf6 4. d4 exd4 5. Nxd4 Bb4 6. Nxc6 bxc6 7. Bd3 O-O 8.
O-O Re8 9. Re1 d5 10. exd5 Rxe1+ 11. Qxe1 cxd5 12. Qe5 Bd6 13. Qg5 c6 14. Bd2
Qb6 15. Ne2 Ng4 16. Rf1 Bxh2+ 17. Kh1 Bd6 18. Qh4 f5 19. Bc3 Bd7 20. Qg5 Be5 21.
Bxe5 Nxe5 22. Nf4 Nxd3 23. Nh5 Qxb2 24. cxd3 Re8 25. Kh2 Qe5+ 26. f4 Qe7 27. Qg3
g6 28. Rb1 Kh8 29. Rb7 gxh5 30. Qf2 Qd6 31. g3 c5 32. Qb2+ d4 33. Rxa7 Bc6 34.
Qb3 Qd5 35. Qxd5 Bxd5 36. Rc7 Bxa2 37. Rxc5 Rd8 38. Ra5 Bb1 39. Ra3 Kg7 40. Kg2
Re8 41. Ra4 Rd8 42. Ra3 Re8 43. Ra4 Re2+ 44. Kh3 Bxd3 45. Rxd4 Be4 46. Rd7+ Kg6
47. Rd6+ Kf7 48. Rd7+ Kg6 49. Rd6+ Kf7 50. Rd7+ Ke6 51. Rxh7 Re1 52. Kh4 Kf6 53.
Rh6+ Kg7 54. Ra6 Bf3 55. Kg5 Bg4 56. Ra7+ Kf8 57. Kf6 Ke8 58. Rh7 Re3 59. Kg5
Rxg3 60. Ra7 Rd3 61. Rg7 Rd7 62. Rg6 Re7 63. Rd6 Rd7 64. Rg6 Ke7 65. Rg7+ Kd6
66. Rg8 Kd5 67. Re8 Rd6 68. Re5+ Kd4 69. Re7 Kd3 70. Re5 Rd4 71. Re7 Re4 72. Ra7
Ke2 73. Ra3 Re3 74. Ra2+ Kf3 75. Ra4 Kg3 76. Ra1 h4 {White resigns} 0-1

[Event "Team 45 45 League T32"]
[Site "Internet Chess Club"]
[Date "2007.02.18"]
[Round "5"]
[White "TheDude"]
[Black "six-killer"]
[Result "1/2-1/2"]
[WhiteElo "1828"]
[BlackElo "1727"]
[ECO "B23"]
[TimeControl "2700+45"]

1. e4 c5 2. Nc3 e6 3. f4 Nc6 4. Nf3 d5 5. exd5 exd5 6. d4 Nf6 7. h3 Bd6 8. Bb5
O-O 9. O-O Qc7 10. Kh1 a6 11. Bxc6 bxc6 12. Be3 Nh5 13. Ne2 Re8 14. Bf2 c4 15.
c3 Bf5 16. Ng3 Nxg3+ 17. Bxg3 Bd3 18. Re1 Bxf4 19. Bxf4 Qxf4 20. Qd2 Qg3 21.
Rxe8+ Rxe8 22. Re1 Rxe1+ 23. Qxe1 Qxe1+ 24. Nxe1 f6 25. Nf3 Kf7 26. Kg1 Ke7 27.
Kf2 Kd6 28. Ke3 Be4 29. Ne1 c5 30. g3 h5 31. b3 cxd4+ 32. Kxd4 cxb3 33. axb3 f5
34. h4 a5 35. c4 dxc4 36. Kxc4 Kc6 37. b4 axb4 38. Kxb4 Kd5 39. Kc3 g6 40. Nd3
Bxd3 41. Kxd3 Ke5 42. Ke3 Ke6 43. Kf3 Ke5 44. Ke3 Ke6 {Game drawn by mutual
agreement} 1/2-1/2

[Event "Team 45 45 League T32"]
[Site "Internet Chess Club"]
[Date "2007.02.20"]
[Round "5"]
[White "A-Pedajas"]
[Black "cazj"]
[Result "0-1"]
[WhiteElo "1416"]
[BlackElo "1414"]
[ECO "C54"]
[TimeControl "2700+45"]

1. e4 e5 2. Nf3 Nc6 3. Bc4 Bc5 4. c3 Nf6 5. d4 Bb6 6. Ng5 O-O 7. d5 Ne7 8. O-O
d6 9. Qd3 Qd7 10. Na3 Qg4 11. Nc2 h6 12. h3 Qh5 13. Nf3 Bxh3 14. gxh3 Qg6+ 15.
Kh2 Nxe4 16. Rg1 Qf5 17. Bxh6 g6 18. Rae1 Qxh3+ 19. Kxh3 Nxf2+ 20. Kh2 Nxd3 21.
Bxd3 Bxg1+ 22. Rxg1 Rfe8 23. Bb5 c6 24. dxc6 bxc6 25. Ba4 Rab8 26. Bb3 e4 27.
Ng5 d5 28. Ne3 f5 29. Ne6 Kf7 30. Nd4 Rh8 31. Kg3 Rxh6 32. Kf4 Kf6 33. Rg2 Rg8
34. c4 Rh3 35. Ng4+ fxg4 36. Kxg4 Rgh8 {White resigns} 0-1

[Event "Team 45 45 League T32"]
[Site "Internet Chess Club"]
[Date "2007.02.16"]
[Round "5"]
[White "seldredg"]
[Black "Just-Jim"]
[Result "1-0"]
[WhiteElo "1270"]
[BlackElo "1452"]
[ECO "D00"]
[TimeControl "2700+45"]

1. d4 d5 2. e3 a6 3. Bd3 Nf6 4. Nd2 Nc6 5. f4 h6 6. c3 Bg4 7. Ngf3 e6 8. O-O Be7
9. Qe1 Bxf3 10. Nxf3 Qd7 11. b3 O-O 12. a4 Ne4 13. Ba3 f5 14. Bxe7 Qxe7 15. Ra2
Na7 16. c4 dxc4 17. Bxc4 Nc6 18. d5 Nb4 19. Rb2 exd5 20. Be2 Qc5 21. Nd4 Rae8
22. Qc1 Qd6 23. Rd1 c5 24. Nf3 Rc8 25. Ne5 Nc6 26. Nxc6 Rxc6 27. Bd3 Qe6 28. Rc2
Rfc8 29. h3 c4 30. bxc4 dxc4 31. Be2 c3 32. Rd3 Nc5 33. Rdxc3 Nxa4 34. Bc4 Rxc4
35. Rxc4 Rxc4 36. Rxc4 Nb6 37. Rc7 Qd5 38. Qa1 Nd7 39. Qd4 Qxd4 40. exd4 Nf6 41.
Rxb7 Nd5 42. g3 Nf6 43. Kf2 Ne8 44. Ke3 Nd6 45. Ra7 a5 46. Kd3 Ne4 47. g4 Nf2+
48. Ke2 Nxh3 49. Kf3 fxg4+ 50. Kxg4 Nf2+ 51. Kf5 Nd3 52. Rxa5 Kh7 53. d5 Nb4 54.
d6 Nc6 55. d7 g6+ 56. Kf6 h5 57. Rg5 h4 58. Rxg6 h3 59. Kg5 h2 60. Rh6+ Kg7 61.
Rxh2 Kf7 62. Re2 Kg7 63. f5 {Black resigns} 1-0

[Event "Team 45 45 League T32"]
[Site "Internet Chess Club"]
[Date "2007.02.18"]
[Round "5"]
[White "dcuprill"]
[Black "BarryNL"]
[Result "0-1"]
[WhiteElo "1194"]
[BlackElo "1476"]
[ECO "B07"]
[TimeControl "2700+45"]

1. e4 d6 2. Nf3 Nf6 3. Nc3 g6 4. Nd5 Nxd5 5. exd5 Bg7 6. d4 O-O 7. Be2 Nd7 8.
O-O Nb6 9. b3 Nxd5 10. Bd2 c5 11. c4 Nc7 12. Bc3 b5 13. a3 bxc4 14. Bxc4 Rb8 15.
Qd2 cxd4 16. Bxd4 Bxd4 17. Qxd4 a6 18. b4 Bb7 19. Be2 Ne6 20. Qe3 Qd7 21. Rac1
Rbc8 22. Qh6 Bxf3 23. Bxf3 Nd4 24. Bg4 Qxg4 {White resigns} 0-1

[Event "Team 45 45 League T32"]
[Site "Internet Chess Club"]
[Date "2007.02.17"]
[Round "5"]
[White "gentle-spirit"]
[Black "peterts"]
[Result "1-0"]
[WhiteElo "1193"]
[BlackElo "996"]
[ECO "D00"]
[TimeControl "2700+45"]

1. d4 d5 2. e3 e6 3. c4 c6 4. c5 Nf6 5. Nc3 Ne4 6. Nxe4 dxe4 7. Bd2 Be7 8. f3 e5
9. Bc3 Bf6 10. fxe4 exd4 11. exd4 O-O 12. h3 Re8 13. Qd3 Bf5 14. O-O-O Bxe4 15.
Qg3 Bg5+ 16. Bd2 Bf6 17. Bc3 Bg5+ 18. Bd2 Qxd4 19. Qxg5 Qxc5+ 20. Qxc5 Nd7 21.
Qa5 b6 22. Qb4 c5 23. Qa3 b5 24. Bxb5 Bxg2 25. Rh2 Rad8 26. Bxd7 Rxd7 27. Rxg2
Red8 28. Qb3 Rc8 29. Kb1 c4 30. Qc3 f6 31. Rg4 Rd3 32. Rxc4 Rxc3 33. Rxc3 Rxc3
34. Bxc3 Kf7 35. Kc2 Ke6 36. Kd3 g5 37. Ke4 f5+ 38. Ke3 f4+ 39. Ke4 h6 40. Bg7
h5 41. Bh6 Kf6 42. Nf3 g4 43. hxg4 hxg4 44. Bxf4 Kg6 45. Be3 g3 46. Bg1 Kh5 47.
Kf4 g2 48. Rd5+ Kg6 49. Rc5 a5 50. Nh4+ Kf7 51. Rc6 Ke7 52. Ke5 a4 53. Rc7+ Kd8
54. Kd6 a3 55. b3 Ke8 56. Rb7 Kd8 57. Rb8# {Black checkmated} 1-0

[Event "Team 45 45 League T32"]
[Site "Internet Chess Club"]
[Date "2007.02.18"]
[Round "5"]
[White "SeanT"]
[Black "klt713"]
[Result "1-0"]
[WhiteElo "1421"]
[BlackElo "1272"]
[ECO "B40"]
[TimeControl "2700+45"]

1. e4 c5 2. Nf3 e6 3. c3 d6 4. d4 cxd4 5. cxd4 a6 6. Nc3 b5 7. b4 Nc6 8. a3 d5
9. e5 Bb7 10. Bg5 Be7 11. Bxe7 Qxe7 12. Bd3 Rc8 13. Qc2 g6 14. O-O Qc7 15. Ne2
Nh6 16. Qd2 Ng4 17. Qg5 h5 18. h3 Nh6 19. Qf6 O-O 20. Bxg6 Qe7 21. Bh7+ Kxh7 22.
Ng5+ Kg8 23. Qxh6 f6 24. exf6 Rxf6 25. Qxh5 Qg7 26. h4 Rcf8 27. Qg4 Bc8 28. Qg3
Ne7 29. Qc7 Nf5 30. Qxg7+ Nxg7 31. Ng3 Rh6 32. Nf3 Nf5 33. Nxf5 Rxf5 34. Rac1
Rf8 35. Rc3 Bd7 36. g4 Rhf6 37. Kg2 Rf4 38. Ne5 Be8 39. Rd3 Kg7 40. f3 Bf7 41.
Re1 Rc8 42. Kg3 Rf6 43. f4 Bg6 44. Nxg6 Kxg6 45. h5+ Kg7 46. g5 Rf5 47. Rxe6 Kf7
48. Rxa6 Re8 49. Kg4 Rxf4+ 50. Kxf4 Re4+ 51. Kf5 Ke7 52. h6 Rh4 53. Re3+ Kd7 54.
Ke5 Kc7 55. Kxd5 Kb7 56. Rg6 Rf4 57. Re7+ Kc8 58. Rg8+ {Black resigns} 1-0

[Event "Team 45 45 League T32"]
[Site "Internet Chess Club"]
[Date "2007.02.20"]
[Round "5"]
[White "ffplayer"]
[Black "LittleBunny"]
[Result "1-0"]
[WhiteElo "1124"]
[BlackElo "1242"]
[ECO "C70"]
[TimeControl "2700+45"]

1. e4 e5 2. Nf3 Nc6 3. Bb5 a6 4. Ba4 b5 5. Bb3 Nf6 6. O-O Bc5 7. c3 O-O 8. d4
Na5 9. dxc5 Nxb3 10. axb3 Nxe4 11. Re1 d5 12. cxd6 Nxd6 13. Nxe5 f6 14. Nf3 c6
15. Bf4 Nf5 16. Qxd8 Rxd8 17. Nbd2 g5 18. Bc7 Rd7 19. Bg3 g4 20. Nd4 Nxd4 21.
cxd4 Rxd4 22. Rad1 a5 23. f3 Bd7 24. Ne4 Rxd1 25. Rxd1 Be6 26. Nxf6+ Kg7 27.
Nxg4 Bxb3 28. Rd7+ Kg6 29. Rd6+ Kg7 30. Rxc6 Rd8 31. Be5+ Kf7 32. Rd6 Rc8 33.
Kf2 Be6 34. Nh6+ Ke7 35. Kg3 Rc5 36. f4 b4 37. Ng4 b3 38. Ra6 Bc4 39. Ra7+ Ke6
40. Bc3 h5 41. Nf2 Be2 42. Rxa5 Rxc3+ 43. Kh4 Rc2 44. Re5+ Kf6 45. Ne4+ Kf7 46.
Nd6+ Kf6 47. Re4 Rxb2 48. Rb4 Bd1 49. Ne4+ Kf5 50. Nc3 Bc2 51. Kxh5 Bd1+ 52.
Nxd1 Rxg2 53. h4 Rg1 54. Ne3+ Kf6 55. Rxb3 Rg6 56. Rb6+ {Black resigns} 1-0

[Event "Team 45 45 League T32"]
[Site "Internet Chess Club"]
[Date "2007.02.17"]
[Round "5"]
[White "slakkjaw"]
[Black "fabill"]
[Result "0-1"]
[WhiteElo "1190"]
[BlackElo "1173"]
[ECO "A40"]
[TimeControl "2700+45"]

1. d4 e6 2. c4 b6 3. e4 Bb7 4. Nc3 a6 5. Bd3 h6 6. Nf3 Be7 7. O-O d6 8. Be3 Nf6
9. Qc2 Nbd7 10. d5 Ng4 11. Bd2 Nge5 12. Nd4 Nxd3 13. Qxd3 e5 14. Nf3 Nf6 15. Ne2
Bc8 16. Ng3 O-O 17. h3 Nh7 18. Be3 f6 19. Qd2 a5 20. Bxh6 gxh6 21. Qxh6 Qe8 22.
Nf5 Bxf5 23. exf5 Kh8 24. Nh4 Rf7 25. Rae1 Bf8 26. Qd2 Bg7 27. g4 Qa4 28. b3 Qd7
29. Kh2 Kg8 30. f4 Re8 31. g5 fxg5 32. fxg5 Nf8 33. Qg2 e4 34. Rxe4 Rxe4 35.
Qxe4 Be5+ 36. Kh1 Re7 37. f6 Qxh3+ {White resigns} 0-1

[Event "Team 45 45 League T32"]
[Site "Internet Chess Club"]
[Date "2007.02.16"]
[Round "5"]
[White "DayDream01"]
[Black "hotzoddy"]
[Result "0-1"]
[WhiteElo "1107"]
[BlackElo "1302"]
[ECO "D53"]
[TimeControl "2700+45"]

1. d4 d5 2. c4 e6 3. Nc3 Nf6 4. Bg5 Be7 5. e3 O-O 6. Bd3 c5 7. Nge2 Nc6 8. Bb1
dxc4 9. Qc2 g6 10. Qa4 cxd4 11. Nb5 dxe3 12. fxe3 a6 13. Nbd4 Nxd4 14. exd4 b5
15. Qc2 Bb4+ 16. Bd2 Bxd2+ 17. Qxd2 Bb7 18. O-O Ne4 19. Bxe4 Bxe4 20. a4 Bd3 21.
Rfe1 f6 22. b3 e5 23. bxc4 Bxc4 24. axb5 Bxe2 25. Rxe2 Qxd4+ 26. Qxd4 exd4 27.
bxa6 Rfd8 28. Rd2 Rd6 29. Rad1 Raxa6 30. Rxd4 Rxd4 31. Rxd4 h5 32. Kf2 Kf7 33.
Kf3 Ke6 34. Kf4 Ra2 35. Re4+ Kf7 36. Kg3 Ra3+ 37. Kh4 f5 38. Rf4 Kf6 39. Rf2
Ra4+ 40. Kh3 Kg5 41. g3 h4 42. Rf4 Rxf4 43. gxf4+ Kxf4 44. Kxh4 g5+ 45. Kh3 Ke4
46. Kg3 Ke3 47. Kh3 f4 48. Kg4 f3 49. Kxg5 f2 50. h4 f1=Q 51. h5 Qf4+ 52. Kg6
Qg4+ 53. Kh6 Qe6+ 54. Kg5 Qg8+ 55. Kf6 Kf4 56. h6 Qh8+ 57. Kg6 Qg8+ 58. Kh5 Kf5
59. Kh4 Qg5+ {White resigns} 0-1

[Event "Team 45 45 League T32"]
[Site "Internet Chess Club"]
[Date "2007.02.17"]
[Round "5"]
[White "fredd"]
[Black "Budzo"]
[Result "1/2-1/2"]
[WhiteElo "1564"]
[BlackElo "1758"]
[ECO "D11"]
[TimeControl "2700+45"]

1. d4 d5 2. c4 c6 3. Nf3 Nf6 4. Bg5 dxc4 5. e3 b5 6. Bxf6 exf6 7. Be2 Bb4+ 8.
Nbd2 c5 9. O-O Bb7 10. b3 Bxd2 11. Nxd2 cxd4 12. bxc4 dxe3 13. fxe3 bxc4 14.
Nxc4 Qxd1 15. Raxd1 O-O 16. Na5 Ba6 17. Bxa6 Nxa6 18. Rd7 Nc5 19. Rd5 Ne6 20.
Nc6 Rfe8 21. Rfd1 a6 22. Rb1 Nc7 23. Rd7 Nb5 24. Rb3 Re6 25. Rbd3 Rae8 26. Nd8
R6e7 27. Nc6 Re6 28. Rd8 Kf8 29. Rxe8+ Rxe8 30. Kf2 Rc8 31. Nd4 Nxd4 32. Rxd4
Rc2+ 33. Kf3 Ke7 34. Ra4 Rc6 35. Ke4 Re6+ 36. Kd4 Rd6+ 37. Kc5 Re6 38. Kd4 Rd6+
39. Kc5 {Game drawn by mutual agreement} 1/2-1/2

[Event "Team 45 45 League T32"]
[Site "Internet Chess Club"]
[Date "2007.02.17"]
[Round "5"]
[White "Kinglord"]
[Black "jlowe"]
[Result "0-1"]
[WhiteElo "1652"]
[BlackElo "1624"]
[ECO "B14"]
[TimeControl "2700+45"]

1. e4 c6 2. d4 d5 3. exd5 cxd5 4. c4 Nf6 5. Nc3 e6 6. Nf3 Be7 7. cxd5 exd5 8.
Bb5+ Bd7 9. Bxd7+ Nbxd7 10. O-O O-O 11. Bg5 Qb6 12. b3 Rfe8 13. Qd3 Rac8 14.
Rac1 h6 15. Bh4 Bb4 16. Na4 Qa5 17. Rc2 Ne4 18. Rfc1 Rxc2 19. Qxc2 Nf8 20. Qc7
Qxc7 21. Rxc7 Ne6 22. Rxb7 Rc8 23. h3 Rc1+ 24. Kh2 Bd6+ 25. Bg3 Bxg3+ 26. fxg3
Nf2 27. g4 Rh1+ 28. Kg3 Ne4+ 29. Kh4 g5+ 30. Kh5 Kg7 {White resigns} 0-1

[Event "Team 45 45 League T32"]
[Site "Internet Chess Club"]
[Date "2007.02.17"]
[Round "5"]
[White "Zyme"]
[Black "wfreeman"]
[Result "1-0"]
[WhiteElo "1544"]
[BlackElo "1501"]
[ECO "A40"]
[TimeControl "2700+45"]

1. d4 g6 2. c4 Bg7 3. Nc3 d6 4. Nf3 Nd7 5. e4 Ngf6 6. Be2 O-O 7. O-O c5 8. Qc2
Ng4 9. Rd1 Qb6 10. Nd5 Qd8 11. Bg5 Ngf6 12. Nxf6+ exf6 13. Bf4 cxd4 14. Bxd6 Re8
15. Nxd4 Qa5 16. Nb5 Rd8 17. Bc7 b6 18. Bxd8 Ne5 19. Be7 Be6 20. Nc7 Rc8 21.
Rd8+ Rxd8 22. Bxd8 Bc8 23. Nd5 f5 24. Ne7+ Kh8 25. Nxc8 Nc6 26. Rd1 Bf8 27. Bf6+
Kg8 28. exf5 Qa6 29. Nd6 Nb4 30. Qb3 Nxa2 31. fxg6 fxg6 32. c5+ {Black resigns}
1-0

[Event "Team 45 45 League T32"]
[Site "Internet Chess Club"]
[Date "2007.02.20"]
[Round "5"]
[White "PaleMorningDun"]
[Black "jharris8000"]
[Result "1/2-1/2"]
[WhiteElo "1539"]
[BlackElo "1578"]
[ECO "C01"]
[TimeControl "2700+45"]

1. e4 e6 2. d4 d5 3. Be3 dxe4 4. f3 exf3 5. Nxf3 Nf6 6. Bd3 Nc6 7. O-O Bd6 8.
Bg5 h6 9. Bxf6 gxf6 10. c3 e5 11. Be4 Bg4 12. Bxc6+ bxc6 13. Qa4 Qd7 14. dxe5
fxe5 15. Nbd2 O-O 16. Ne4 f6 17. Rad1 f5 18. Nxd6 cxd6 19. Nxe5 Qg7 20. Nxg4
Qxg4 21. Qxg4+ fxg4 22. Rxd6 Rab8 23. b4 Rfe8 24. Rxh6 Kg7 25. Rxc6 Kh8 26. Rg6
Re4 27. Rgf6 Rd8 28. Rf8+ Rxf8 29. Rxf8+ Kg7 30. Rc8 Kf6 31. g3 Re2 32. a4 Ke7
33. Rc7+ Kd6 34. Rxa7 Rc2 35. b5 Rxc3 36. b6 Rb3 37. Rh7 Kc5 38. b7 Kd4 39. Kf2
Rb2+ 40. Ke1 Ke3 41. Re7+ Kd3 42. b8=Q Rxb8 43. Re2 Rb1+ 44. Kf2 Ra1 45. Re3+
Kd4 46. Re2 Rxa4 47. Kg2 Kd3 48. Rf2 Ke3 49. Rb2 Ke4 50. h3 gxh3+ 51. Kxh3 Kf5
52. Rb5+ Kg6 53. g4 Ra6 54. Kh4 Rc6 55. Rb8 Rc5 56. Rb6+ Kg7 57. g5 Rc1 58. Kh3
Rg1 59. Kh4 Rh1+ 60. Kg4 Rg1+ 61. Kf4 Rf1+ 62. Ke5 Re1+ 63. Kd4 Rd1+ 64. Kc3 Rg1
65. Rb7+ Kg6 {Game drawn by mutual agreement} 1/2-1/2

[Event "Team 45 45 League T32"]
[Site "Internet Chess Club"]
[Date "2007.02.17"]
[Round "5"]
[White "Ernie1"]
[Black "twinders"]
[Result "1/2-1/2"]
[WhiteElo "1667"]
[BlackElo "1669"]
[ECO "A00"]
[TimeControl "2700+45"]

1. c3 Nf6 2. d4 d5 3. Nf3 Bg4 4. Bf4 Bxf3 5. exf3 e6 6. Bd3 Be7 7. Qc2 h6 8. Nd2
a5 9. O-O O-O 10. Rfe1 c5 11. dxc5 Bxc5 12. Be3 Bd6 13. f4 Qc7 14. g3 Nc6 15.
Nf3 Rfe8 16. Nd4 Ng4 17. Rac1 Nxe3 18. Rxe3 Nxd4 19. cxd4 Rac8 20. Qxc7 Rxc7 21.
Rxc7 Bxc7 22. Bb5 Re7 23. Rc3 Bb6 24. Rd3 Rc7 25. Rc3 Re7 26. Rd3 g6 27. Kf1 Kg7
28. Ke2 Kf6 29. Ke3 g5 30. fxg5+ hxg5 31. Kf3 Kg6 32. Ba4 f5 33. Bc2 g4+ 34. Kg2
Kg5 35. f3 Rc7 36. f4+ Kf6 37. Rc3 Rc4 38. Rxc4 dxc4 39. b3 cxb3 40. Bxb3 Bxd4
41. a4 e5 42. fxe5+ Kxe5 43. Bc2 f4 44. gxf4+ Kxf4 45. Bd1 Bc5 46. Be2 b6 47.
Bb5 Bd6 48. Bd7 Kg5 49. Bb5 Kh4 50. Bd7 {Game drawn by mutual agreement} 1/2-1/2

[Event "Team 45 45 League T32"]
[Site "Internet Chess Club"]
[Date "2007.02.18"]
[Round "5"]
[White "AAWegerif"]
[Black "Warpdrive"]
[Result "1/2-1/2"]
[WhiteElo "1810"]
[BlackElo "1682"]
[ECO "B05"]
[TimeControl "2700+45"]

1. e4 Nf6 2. e5 Nd5 3. d4 d6 4. Nf3 Bg4 5. c4 Nb6 6. exd6 exd6 7. Nc3 Be7 8. Be2
O-O 9. O-O Bf6 10. Ne4 N8d7 11. b3 Re8 12. Nxf6+ Nxf6 13. Bg5 Nbd7 14. Re1 c6
15. Qd2 Bxf3 16. Bxf3 Rxe1+ 17. Rxe1 Qf8 18. h3 Re8 19. Re3 Rxe3 20. Qxe3 Qe8
21. Qxe8+ Nxe8 22. Bf4 Kf8 23. Bg4 Ke7 24. Kf1 h6 25. h4 Nef6 26. Bf3 d5 27.
cxd5 Nxd5 28. Bxd5 cxd5 29. Ke2 Nf8 30. Bb8 a6 31. Ba7 Ne6 {Game drawn by mutual
agreement} 1/2-1/2

[Event "Team 45 45 League T32"]
[Site "Internet Chess Club"]
[Date "2007.02.14"]
[Round "5"]
[White "tryanything"]
[Black "GolfSuper"]
[Result "1-0"]
[WhiteElo "1680"]
[BlackElo "1499"]
[ECO "D43"]
[TimeControl "2700+45"]

1. d4 d5 2. Nf3 Nf6 3. c4 c6 4. Nc3 e6 5. a3 Nbd7 6. Bf4 dxc4 7. e4 b5 8. Be2
Bb7 9. O-O a6 10. b4 cxb3 11. Qxb3 Nb6 12. Rfd1 Qc8 13. Rac1 c5 14. dxc5 Bxc5
15. Nxb5 O-O 16. Nd6 Qc6 17. Nxb7 Bxf2+ 18. Kxf2 Nxe4+ 19. Kf1 Qxb7 20. Rb1 Rfd8
21. Rxd8+ Rxd8 22. Qxb6 Qxb6 23. Rxb6 h6 24. Rb8 Rxb8 25. Bxb8 Nc5 26. Bd6 Nb7
27. Be7 a5 28. Ba6 {Black resigns} 1-0

[Event "Team 45 45 League T32"]
[Site "Internet Chess Club"]
[Date "2007.02.17"]
[Round "5"]
[White "mrmarck"]
[Black "FiendAngelical"]
[Result "0-1"]
[WhiteElo "1429"]
[BlackElo "1679"]
[ECO "D05"]
[TimeControl "2700+45"]

1. d4 d5 2. Nf3 Nf6 3. e3 e6 4. c4 c6 5. Be2 Nbd7 6. O-O dxc4 7. Bxc4 b5 8. Be2
Bb7 9. b3 a6 10. a4 b4 11. a5 c5 12. Nbd2 Nd5 13. Qc2 Rc8 14. Nc4 cxd4 15. Nxd4
Ne5 16. Bb2 Qg5 17. Nf3 Nxf3+ 18. Bxf3 Bc5 19. Bd4 Bxd4 20. exd4 O-O 21. Rac1
Rc7 22. Be4 g6 23. Qe2 Nf4 24. Qf3 Bxe4 25. Qxe4 Nd5 26. Nb6 Rxc1 27. Nxd5 Rxf1+
28. Kxf1 Qxd5 {White resigns} 0-1

[Event "Team 45 45 League T32"]
[Site "Internet Chess Club"]
[Date "2007.02.16"]
[Round "5"]
[White "schweppz"]
[Black "Fidelian"]
[Result "1-0"]
[WhiteElo "1436"]
[BlackElo "1324"]
[ECO "C00"]
[TimeControl "2700+45"]

1. e4 e6 2. Nf3 b6 3. Nc3 Ba6 4. Bxa6 Nxa6 5. a3 c5 6. O-O Nc7 7. d4 Nf6 8. e5
Nfd5 9. Ne2 h6 10. c4 Ne7 11. Ng3 cxd4 12. Nxd4 Ng6 13. Nf3 Be7 14. b4 Na6 15.
Bb2 Qc7 16. Rc1 O-O 17. Ne4 Rac8 18. Nd6 Bxd6 19. exd6 Qc6 20. Qd4 f6 21. b5 Qb7
22. bxa6 Qxa6 23. Qe4 Nh8 24. Nh4 Rc5 25. Ng6 Nxg6 26. Qxg6 Rfc8 27. Bxf6 Rg5
28. Bxg5 hxg5 29. Qxg5 Rxc4 30. Rxc4 Qxc4 31. Qd8+ {Black resigns} 1-0

[Event "Team 45 45 League T32"]
[Site "Internet Chess Club"]
[Date "2007.02.19"]
[Round "5"]
[White "uipawn"]
[Black "tmac63"]
[Result "1-0"]
[WhiteElo "1257"]
[BlackElo "1132"]
[ECO "B40"]
[TimeControl "2700+45"]

1. e4 c5 2. Nf3 e6 3. b3 d6 4. d4 cxd4 5. Nxd4 Nf6 6. Nc3 Nc6 7. Nxc6 bxc6 8. g3
Be7 9. Bg2 Ba6 10. Ne2 O-O 11. c4 Qa5+ 12. Bd2 Qb6 13. Be3 Qc7 14. O-O Rad8 15.
Bd2 d5 16. exd5 cxd5 17. cxd5 exd5 18. Re1 Rfe8 19. Rc1 Qb6 20. Be3 Qe6 21. Qd4
Ng4 22. Nf4 Qh6 23. Nh3 Qg6 24. Qxa7 Qd3 25. Bf1 Qg6 26. Bxa6 Ra8 27. Qb6 Qe4
28. Bf1 Rxa2 29. Re2 Ra3 30. Qb5 Kf8 31. Qb7 g6 32. Bg5 f6 33. Rxe4 dxe4 34. Rc8
fxg5 35. Bc4 Ra1+ 36. Kg2 Ra2 37. Rxe8+ Kxe8 38. Qc8+ Bd8 39. Nxg5 Rxf2+ 40. Kh3
e3 41. Qe6+ Be7 42. Kxg4 e2 43. Bxe2 h6 44. Nh7 h5+ 45. Kh3 Rf7 46. Bb5+ Kd8 47.
Qxf7 {Black resigns} 1-0

[Event "Team 45 45 League T32"]
[Site "Internet Chess Club"]
[Date "2007.02.20"]
[Round "5"]
[White "therookery"]
[Black "WCB"]
[Result "1-0"]
[WhiteElo "1243"]
[BlackElo "990"]
[ECO "B08"]
[TimeControl "2700+45"]

1. e4 d6 2. d4 Nf6 3. Nc3 g6 4. Nf3 c6 5. Bd3 b5 6. b4 Nbd7 7. O-O Bg7 8. a3 a6
9. Re1 O-O 10. Qe2 c5 11. bxc5 dxc5 12. e5 c4 13. Be4 Nxe4 14. Qxe4 Bb7 15. Qxb7
e6 16. Bg5 Qc8 17. Qe4 Rb8 18. Rad1 f5 19. Qf4 Kf7 20. Bh6 Rh8 21. Ng5+ Kg8 22.
Bxg7 Kxg7 23. Nxe6+ Kg8 24. Qh6 Nf8 25. Qg7# {Black checkmated} 1-0

[Event "Team 45 45 League T32"]
[Site "Internet Chess Club"]
[Date "2007.02.15"]
[Round "5"]
[White "curtintime"]
[Black "guyd52"]
[Result "1-0"]
[WhiteElo "1335"]
[BlackElo "1259"]
[ECO "B07"]
[TimeControl "2700+45"]

1. e4 d6 2. d4 Nf6 3. Nc3 g6 4. h3 Bg7 5. Be3 Nbd7 6. Nf3 O-O 7. Bc4 e5 8. dxe5
Nxe5 9. Nxe5 dxe5 10. Qe2 b6 11. Rd1 Qe7 12. Nd5 Nxd5 13. Bxd5 Rb8 14. O-O a5
15. a3 Bb7 16. Bxb7 Rxb7 17. Bd2 h5 18. b4 Ra8 19. b5 Qxa3 20. Ra1 Qe7 21. Ra4
Qe6 22. Rc1 Rc8 23. c4 Bf8 24. Be3 c6 25. Raa1 Bb4 26. Kh2 Qe8 27. Bh6 Kh7 28.
Bg5 Kg7 29. g3 f6 30. Be3 Qe6 31. Rg1 cxb5 32. cxb5 Rh8 33. Qf3 Qc4 34. g4 hxg4
35. Qxg4 g5 36. f4 Qxe4 37. fxg5 Qxg4 38. Rxg4 Kg6 39. Rag1 f5 40. Rc4 f4 41.
Rc6+ Kf5 42. Bxb6 Rd8 43. Rf6+ Ke4 44. Bxd8 Rxb5 45. g6 Rb8 46. Bc7 Rg8 47. h4
Be7 48. Ra6 Bxh4 49. Rxa5 Bg3+ 50. Kh3 Rxg6 51. Rxe5+ Kd4 52. Rd1+ Kc4 53. Re4+
Kc5 54. Bxf4 Bxf4 55. Rxf4 Rg5 56. Rf2 Rh5+ 57. Kg4 Re5 58. Rc2+ Kb4 59. Rb1+
Ka3 60. Rc8 Re4+ 61. Kf5 Ra4 62. Ra1+ Kb3 63. Rxa4 Kxa4 64. Rb8 Ka5 65. Ke5 Ka6
66. Kd5 Ka7 67. Rb1 Ka6 68. Kc5 Ka5 69. Ra1# {Black checkmated} 1-0

[Event "Team 45 45 League T32"]
[Site "Internet Chess Club"]
[Date "2007.02.16"]
[Round "5"]
[White "Traho"]
[Black "JustinZ"]
[Result "0-1"]
[WhiteElo "1451"]
[BlackElo "1277"]
[ECO "C78"]
[TimeControl "2700+45"]

1. e4 e5 2. Nf3 Nc6 3. Bb5 a6 4. Ba4 Nf6 5. O-O Bc5 6. d3 O-O 7. Re1 b5 8. Bb3
d5 9. exd5 Nxd5 10. Bxd5 Qxd5 11. Nc3 Qd6 12. Ne4 Qe7 13. c3 Bg4 14. h3 Bxf3 15.
Qxf3 Rad8 16. b4 Bb6 17. Bb2 a5 18. a3 axb4 19. axb4 f5 20. Ng3 e4 21. Qd1 Rxd3
22. Qxd3 exd3 23. Rxe7 Nxe7 24. Rd1 Rd8 25. Bc1 c5 26. Be3 f4 27. Bxf4 cxb4 28.
cxb4 Nc6 29. Bd2 Rd4 30. Be3 Rxb4 31. Bxb6 Rb3 32. Be3 Rc3 33. Ne4 Rc4 34. Nd6
Rc3 35. Nxb5 Rb3 36. Nd4 Nxd4 37. Bxd4 Kf7 38. Kh2 g6 39. f3 Ke6 40. Rd2 Kd5 41.
Rb2 Rxb2 42. Bxb2 d2 43. Bf6 d1=Q 44. Bg5 h5 45. Bh4 Ke6 46. Bg3 Kf5 47. Bf2 g5
48. g4+ hxg4 49. hxg4+ Kf4 50. Kg2 Qxf3+ 51. Kf1 Kxg4 52. Ke1 Kh3 53. Kf1 g4 54.
Ke1 g3 {White resigns} 0-1

[Event "Team 45 45 League T32"]
[Site "Internet Chess Club"]
[Date "2007.02.17"]
[Round "5"]
[White "Gomer"]
[Black "Conjurer"]
[Result "1-0"]
[WhiteElo "1329"]
[BlackElo "1209"]
[ECO "B23"]
[TimeControl "2700+45"]

1. e4 c5 2. Nc3 d6 3. Bc4 Nf6 4. Nf3 e6 5. O-O Be7 6. d3 a6 7. a3 b5 8. Ba2 b4
9. axb4 cxb4 10. Ne2 O-O 11. Qd2 d5 12. e5 Nfd7 13. c3 Nc6 14. d4 a5 15. Bb1 Nb6
16. Qd3 g6 17. Bh6 Re8 18. Qe3 Bf8 19. Bg5 Ne7 20. cxb4 axb4 21. Rxa8 Nxa8 22.
h4 Qd7 23. Ng3 Nf5 24. Bxf5 exf5 25. Qf4 Bg7 26. h5 Nb6 27. h6 Bf8 28. Qh4 Be7
29. Bf6 b3 30. Nh5 Nc4 31. Ng7 Bxf6 32. Qxf6 Rf8 33. Ne6 fxe6 34. Qg5 Nxb2 35.
Nh4 Nd3 36. Qe3 Ba6 37. Nf3 Rb8 38. Ne1 Nxe1 39. Rxe1 Qb5 40. Qg5 b2 41. Qf6 Qb7
42. Qxe6+ Qf7 43. Qd6 Rb7 44. e6 Qe7 45. Qxa6 b1=Q 46. Qa8+ Qf8 47. Qa5 Qfb4 48.
Qd8+ Qf8 49. Qa5 Qxe1+ 50. Qxe1 Re7 51. Qe5 Qxh6 52. Qxd5 Qc1+ 53. Kh2 Qc7+ 54.
Kg1 Qc1+ 55. Kh2 Qf4+ 56. Kg1 Rc7 57. e7+ Kg7 58. e8=N+ Kf8 59. Nxc7 Qxc7 60.
Qe6 Qe7 61. Qc8+ Qe8 62. Qc4 Qe1+ 63. Kh2 Qxf2 64. Qc8+ Kg7 65. d5 Qf4+ 66. Kh1
Qd6 67. Qc6 Qd8 68. d6 Kf8 69. Qc7 Ke8 70. Qc6+ Qd7 71. Qa8+ Kf7 72. Qd5+ Kf6
73. Kh2 g5 74. g3 Qe6 75. Qd4+ Kf7 76. d7 Qe2+ 77. Kh3 Qf1+ 78. Kh2 Qe2+ 79. Kh3
g4+ 80. Kh4 Qe7+ 81. Kh5 Qd8 82. Qd5+ Ke7 83. Qxf5 Qxd7 84. Qxd7+ Kxd7 85. Kxg4
Ke6 86. Kh5 Kf7 87. Kh6 Kf6 88. g4 Kf7 89. Kxh7 Kf6 90. Kh6 Kf7 91. g5 Kg8 92.
Kg6 Kh8 93. Kf7 Kh7 94. g6+ Kh8 95. g7+ Kh7 96. g8=Q+ Kh6 97. Qg6# {Black
checkmated} 1-0